 Dungeon Crawl Stone Soup version 0.26-a0-660-gc07710193c (webtiles) character file.

Game seed: 1050760250177262627

252 smeego the Ducker (level 6, -4/42 HPs)
             Began as an Octopode Fighter on Oct 7, 2020.
             Was an Initiate of Gozag.
             Slain by Duvessa
             ... wielding a +0 short sword
              (11 damage)
             ... on level 4 of the Dungeon.
             The game lasted 00:03:06 (3324 turns).

smeego the Ducker (Octopode Fighter)                Turns: 3324, Time: 00:03:07

Health: -4/42      AC:  5    Str: 16    XL:     6   Next: 14%
Magic:  6/6        EV:  9    Int: 12    God:    Gozag
Gold:   528        SH:  9    Dex: 11    Spells: 5/5 levels left

rFire    . . .     SeeInvis .   a - +0 long sword
rCold    . . .     Faith    .   b - +0 kite shield
rNeg     . . .     Spirit   .   (helmet restricted)
rPois    .         Reflect  .   (no amulet)
rElec    .         Harm     .   q - +4 ring of protection
rCorr    .         Rampage  .   (no ring)
MR       .....                  (no ring)
Stlth    +++.......             (no ring)
HPRegen  0.14/turn              (no ring)
MPRegen  0.10/turn              (no ring)
                                (no ring)
                                (no ring)

@: stab, constricted
A: almost no armour, stealthy swim, amphibious, 8 rings, constrict 8, camouflage
1, gelatinous body 1
a: Potion Petition, Call Merchant, Bribe Branch, Renounce Religion


You were on level 4 of the Dungeon.
You worshipped Gozag.
Gozag was pleased with you.
You visited 1 branch of the dungeon, and saw 4 of its levels.

You collected 572 gold pieces.
You paid 44 gold pieces to Gozag.

Inventory:

Hand Weapons
 a - a +0 long sword (weapon)
Missiles
 f - 18 poisoned darts (quivered)
Armour
 b - a +0 kite shield (worn)
Jewellery
 n - an uncursed amulet of guardian spirit {unknown}
 q - a +4 ring of protection (left tentacle)
Wands
 s - a wand of iceblast (8)
 t - a wand of random effects (15)
Scrolls
 d - a scroll of magic mapping {unknown}
 g - 3 scrolls of fog {unknown}
 h - 2 scrolls of remove curse {unknown}
 i - 6 scrolls of identify {unknown}
 k - 4 scrolls of enchant armour {unknown}
 l - 2 scrolls of fear {unknown}
 o - 2 scrolls of teleportation {unknown}
 w - a scroll of enchant weapon {unknown}
Potions
 c - 2 potions of might
 e - 2 potions of curing
 j - a potion of brilliance {unknown}
 m - a potion of magic {unknown}
 p - 2 potions of mutation {unknown}
 r - a potion of stabbing
 u - 2 potions of degeneration {unknown}
 v - a potion of heal wounds {unknown}
 x - a potion of ambrosia {unknown}
 z - 2 potions of invisibility {unknown}


   Skills:
 + Level 3.5 Fighting
 * Level 3.5 Long Blades
 + Level 1.6 Throwing
 + Level 3.6 Dodging
 + Level 2.9 Stealth
 + Level 3.5 Shields
 + Level 1.8 Unarmed Combat


You had 5 spell levels left.
You didn't know any spells.
Your spell library was empty.

Dungeon Overview and Level Annotations

Branches:
Dungeon (4/15)
 Temple: D:4-7

Altars:
Gozag
The Shining One

Annotations:
D:4 Dowan, Duvessa


Innate Abilities, Weirdness & Mutations

You cannot wear most types of armour.
You are very stealthy in the water. (Stealth+)
You are amphibious.
You can wear up to eight rings at the same time.
You can use your tentacles to constrict eight enemies at once.
Your skin changes colour to match your surroundings (Stealth+).
Your rubbery body absorbs attacks. (AC +1, EV +1)


Message History

The ball python constricts you.
Dowan mumbles some strange words.
Dowan blinks free!
Duvessa hits you with a +0 short sword!
* * * LOW HITPOINT WARNING * * *
Unknown command.
Unknown command.
Unknown command.
It was a potion of curing.
You feel better.
You constrict Duvessa. The bullfrog hits you!
* * * LOW HITPOINT WARNING * * *
Duvessa hits you with a +0 short sword.
* * * LOW HITPOINT WARNING * * *
The ball python bites you but does no damage.
The ball python constricts you.
Okay, then.
It was a potion of stabbing.
You feel ready to backstab.
You constrict Duvessa. Duvessa hits you with a +0 short sword!
You die...
Your body crumbles into a pile of gold.

..... ##..# ##....
.....# ##..## ##.>.
...... #...# ##..
......###..### #..
.......#.....#### ##..
...)...[........#####...
$
........................
........................
......S@................
......eF#...............
........##.............#
#......e####...........#
###.....# ##...........
##....# #>......#...
#....# #.......#####
.....# #.......#
#.......#


You could see Duvessa (fast), Dowan, a bullfrog and a ball python.

Vanquished Creatures
  2 worker ants
  4 gnolls (D:3)
  6 adders
  2 oozes
  4 worms (D:2)
  3 dart slugs
  4 leopard geckos
  An orc (D:3)
  3 ball pythons
  7 giant cockroaches
  13 goblins
  6 hobgoblins
  5 jackals
  2 quokkas (D:2)
  5 bats
  3 frilled lizards
  8 kobolds
  8 rats
86 creatures vanquished.

Notes
Turn   | Place    | Note
-------+----------+-------------------------------------------
     0 | D:1      | smeego the Octopode Fighter began the quest for the Orb.
     0 | D:1      | Reached XP level 1. HP: 16/16 MP: 1/1
    85 | D:1      | Reached XP level 2. HP: 5/21 MP: 2/2
   460 | D:1      | Reached skill level 1 in Stealth
   499 | D:1      | Reached XP level 3. HP: 17/26 MP: 3/3
  1070 | D:2      | Found a glowing golden altar of the Shining One.
  1150 | D:2      | Reached skill level 1 in Throwing
  1173 | D:2      | Reached skill level 1 in Unarmed Combat
  1175 | D:2      | Reached XP level 4. HP: 17/31 MP: 4/4
  1294 | D:2      | Found an opulent altar of Gozag.
  1299 | D:2      | Became a worshipper of Gozag Ym Sagoz the Greedy
  1469 | D:2      | Found a faded altar of an unknown god.
  1975 | D:3      | Reached XP level 5. HP: 31/36 MP: 5/5
  2982 | D:3      | Reached XP level 6. HP: 42/42 MP: 6/6
  3314 | D:4      | Noticed Dowan
  3315 | D:4      | Noticed Duvessa
  3324 | D:4      | Slain by Duvessa

Illustrated notes

Levels and vault maps discovered:
D:1:      scummos_arrival_gate, layout_rooms
D:2:      layout_basic, tso_metal_star,
          nicolae_gozag_cash_rules_everything_around_me,
          chequers_ecumenical_altar_island
D:3:      minmay_angry_zag, layout_basic, minmay_randomly_rotated_circles
D:4:      layout_layer_cave, okawaru_ov_weapons_minmay, kennysheep_little_box,
          uniq_duvessa

Skill      XL: |  1  2  3  4 |
---------------+-------------+-----
Stealth        | 1 2 |  2.9
Throwing       | 1 |  1.6
Unarmed Combat | 1 |  1.8
Long Blades    | 3 |  3.5
Fighting       | |  3.5
Dodging        | |  3.6
Shields        | |  3.5

Action                   |  1- 3 |  4- 6 || total
-------------------------+-------+-------++-------
Melee: Long sword        |    59 |    97 ||   156
       Constrict         |    20 |    34 ||    54
       Tentacles         |     8 |    14 ||    22
       Punch             |       |     1 ||     1
  Use: Potion            |       |     2 ||     2
 Stab: Sleeping          |     3 |    12 ||    15
Armor: Skin              |     2 |    27 ||    29
Dodge: Dodged            |    27 |    50 ||    77
Block: Kite shield       |    21 |    45 ||    66
       Rpst.: Long sword |     3 |    16 ||    19

Table legend: (Time is in decaauts)
 A = Elapsed time spent in this place.
 B = Non-inter-level travel time spent in this place.
 C = Inter-level travel time spent in this place.
 D = Time resting spent in this place.
 E = Time spent auto-exploring this place.
 F = Levels seen in this place.
 G = Mean time per level.
                   A        B        C        D        E       F      G
               +--------+--------+--------+--------+--------+-----+--------+
         Total |   3375 |   3317 |     58 |    319 |   2450 |   4 |  843.8 |
       Dungeon |   3375 |   3317 |     58 |    319 |   2450 |   4 |  843.8 |
               +--------+--------+--------+--------+--------+-----+--------+

Top non-repeatable levels by time:
     D:3: 1151 daAuts
     D:2: 1123 daAuts
     D:1: 868 daAuts
     D:4: 232 daAuts
